 Dungeon Crawl Stone Soup version 0.29.1-12-g30fa7ad0bf (webtiles) character file.

Game seed: 4956920434656215133

1 Radix the Firebug (level 1, -3/13 HPs)
             Began as a Human Fire Elementalist on Dec 12, 2022.
             Slain by a gnoll
             ... wielding a +0 flail
              (4 damage)
             ... on level 1 of the Dungeon.
             The game lasted 00:01:33 (76 turns).

Radix the Firebug (Human Fire Elementalist)           Turns: 76, Time: 00:01:34

Health: -3/13      AC:  2    Str:  8    XL:     1   Next: 22%
Magic:  0/3        EV: 12    Int: 15    God:
Gold:   17         SH:  0    Dex: 13    Spells: 3/4 levels left

rFire   . . .      SeeInvis .   (no weapon)
rCold   . . .      Faith    .   (no shield)
rNeg    . . .      Spirit   .   a - +0 robe
rPois   .          Reflect  .   (no helmet)
rElec   .          Harm     .   (no cloak)
rCorr   .          Rampage  .   (no gloves)
Will    .....                   (no boots)
Stlth   ++........              (no amulet)
HPRegen 0.04/turn               (no ring)
MPRegen 0.08/turn               (no ring)

@: no status effects
A: no striking features
a: no special abilities


You were on level 1 of the Dungeon.
You visited 1 branch of the dungeon, and saw 1 of its levels.

You collected 17 gold pieces.

Inventory:

Armour
 a - a +0 robe (worn)
Potions
 b - a potion of magic


   Skills:
 - Level 2.0 Dodging
 - Level 2.0 Stealth
 + Level 2.0 Spellcasting
 + Level 1.0 Conjurations
 + Level 3.0 Fire Magic


You had 3 spell levels left.
You knew the following spells:

 Your Spells              Type           Power      Damage    Failure   Level
a - Foxfire               Conj/Fire      28%        2x1d5     10%         1

Your spell library contained the following spells:

 Spells                   Type           Power      Damage    Failure   Level
 Scorch                   Fire           20%        2d6       10%         2
 Conjure Flame            Conj/Fire      7%         6-21      28%         3
 Inner Flame              Hex/Fire       6%         N/A       34%         3
 Flame Wave               Conj/Fire      7%         2d5       67%         4


Dungeon Overview and Level Annotations

Branches:
Dungeon (1/15)

Altars:


Message History

You now have 7 gold pieces.
You now have 17 gold pieces (gained 10).
A sourceless malevolence fills the Dungeon... and a teleportation trap spontaneously manifests!
You are yanked towards some nearby monsters!
Your surroundings suddenly seem different.
A gnoll, an endoplasm and a quokka come into view.
Found a bubbling clear potion.
Casting: Foxfire (safe; 10% risk of failure)
Confirm with . or Enter, or press ? or * to list all spells.
You conjure some foxfire!
The gnoll shouts!
The gnoll hits you with a +0 flail.
The endoplasm quivers.
A bat comes into view.
The foxfire hits the endoplasm.
The endoplasm is lightly wounded.
The foxfire hits the gnoll.
The gnoll is moderately wounded.
The bat barely misses you.
Casting: Foxfire (safe; 10% risk of failure)
Confirm with . or Enter, or press ? or * to list all spells.
You conjure some foxfire!
The bat completely misses you. The endoplasm hits you.
The gnoll barely misses you.
Your foxfire dissipates!
The foxfire hits the gnoll.
The gnoll is heavily wounded.
The bat hits you but does no damage. The endoplasm hits you.
The gnoll attacks as you move away! The gnoll barely misses you.
The bat hits you but does no damage. The gnoll attacks as you move away!
The gnoll hits you with a +0 flail.
* * * LOW HITPOINT WARNING * * *
Casting: Foxfire (safe; 10% risk of failure)
Confirm with . or Enter, or press ? or * to list all spells.
You conjure some foxfire!
The endoplasm freezes you.
You are frozen.
* * * LOW HITPOINT WARNING * * *
A kobold comes into view. It is wielding a +0 whip.
The gnoll hits you with a +0 flail.
You die...

####### #...vv#
# #....@#.#
####...gJ#.# .
#.......b..# ..
#.##.....###.###
####.........
#....!....
#..........
#.K........
#..........


You could see a gnoll (ally target), an endoplasm (ally target), a bat and a
kobold.

Vanquished Creatures
  A goblin (D:1)
1 creature vanquished.

Vanquished Creatures (others)
  5 foxfires (D:1)
5 creatures vanquished.

Grand Total: 6 creatures vanquished

Notes
Turn   | Place    | Note
-------+----------+-------------------------------------------
     0 | D:1      | Radix the Human Fire Elementalist began the quest for the
                  | Orb.
     0 | D:1      | Reached XP level 1. HP: 13/13 MP: 3/3
    76 | D:1      | Slain by a gnoll

Illustrated notes

Levels and vault maps discovered:
D:1:      lemuel_arrival_broad_hall, layout_basic

Action                   || total
-------------------------++-------
 Cast: Foxfire           ||     4
Armor: Robe              ||     2
Dodge: Dodged            ||     4
